Map: Cyber Forest LE

Players

Bly - Winner!

  • Race: Zerg Zerg
  • Spawn Location: 5:00

NtStreamline

  • Race: Terran Terran
  • Spawn Location: 11:00

Event: 2019 WCS Spring

VOD

Have the link to the VOD?

Description

Time

  • Played on: May 17, 2019, 6:20 a.m.
  • Length: 3:48

All games in this series

Show
View Real Time Build Order
Export as new Build Order

Bly Zerg - Winner!

Build Orders: Hatch First 

Get SALT Encoding   

  12  0:01  Drone  
  13  0:10  Drone  
  14  0:37  Hatchery  
  14  0:40  Drone  
  14  0:45  Extractor  
  14  0:49  Drone  
  14  1:01  Spawning Pool  
  13  1:06  Drone  
  14  1:14  Overlord  
  14  1:21  Extractor  
  14  1:28  Extractor  
  14  1:31  Drone  
  16  1:32  Drone x2  
  16  1:42  Drone  
  17  1:53  Roach Warren  
  16  1:57  Drone  
  17  2:07  Overlord  
  17  2:26  Zergling x2  
  18  2:32  Roach x3  
  24  2:43  Roach  
  26  2:45  Drone  
  26  2:48  Drone  
  28  2:56  Roach  
  31  2:58  Ravager  
  31  3:00  Ravager  
  31  3:02  Ravager  
  31  3:05  Ravager  
Show
View Real Time Build Order
Export as new Build Order

NtStreamline Terran 

Build Orders: 1/1/1, Cyclone Opening 

Get SALT Encoding   

  12  0:00  SCV  
  13  0:12  SCV  
  14  0:17  Supply Depot  
  14  0:25  SCV  
  15  0:29  Refinery  
  15  0:38  SCV  
  16  0:45  Barracks  
  16  0:51  SCV  
  17  0:58  Refinery  
  17  1:03  SCV  
  18  1:15  SCV  
  19  1:32  Orbital Command, Marine  
  20  1:40  Factory  
  20  1:52  Bunker  
  20  1:58  Supply Depot  
  20  2:05  SCV  
  21  2:09  Marine  
  22  2:17  SCV  
  23  2:27  Starport  
  23  2:29  Factory Tech Lab  
  23  2:31  SCV  
  24  2:39  Supply Depot  
  24  2:43  SCV  
  25  2:52  Supply Depot  
  25  2:59  Cyclone  
  25  3:04  Starport Tech Lab  
  28  3:07  Marine  
Tags
 
Add a new tag
Caveats
  • Supply blocks, unpowered buildings, or Contaminate may cause inaccurate times.
  • Supply counts are checked every 10 seconds.